 Dungeon Crawl Stone Soup version 0.30-a0-591-g3c58d2bc28 (webtiles) character file.

Game seed: 7680750037085767314

1374 wormed the Changer (level 8, -2/56 (64) HPs)
             Began as an Octopode Transmuter on Jan 5, 2023.
             Was an Initiate of Gozag.
             Slain by a wight
             ... wielding a +2 flail
              (6 damage)
             ... on level 5 of the Dungeon.
             The game lasted 00:11:04 (6532 turns).

wormed the Changer (Octopode Transmuter)            Turns: 6532, Time: 00:11:05

HP:   -2/56 (64)    AC:  8    Str: 10    XL:     8   Next: 66%
MP:   8/13          EV: 11    Int: 17    God:    Gozag
Gold: 306           SH:  0    Dex: 12    Spells: 7/14 levels left

rFire   x . .      SeeInvis .      - Unarmed
rCold   + + +      Faith    .    (shield currently unavailable)
rNeg    + . .      Spirit   .    (helmet currently unavailable)
rPois   +          Reflect  .    (no amulet)
rElec   .          Harm     .    i - ring of positive energy
rCorr   .          Rampage  .    (no ring)
Will    .....                    (no ring)
Stlth   +                        (no ring)
HPRegen 0.29/turn                (no ring)
MPRegen 0.13/turn                (no ring)
                                 (no ring)
                                 (no ring)

@: ice-form, wereblooded, heavily drained
A: freezing attack, boosted hp, almost no armour, amphibious, 8 rings, large,
(camouflage 1), (gelatinous body 1), (nimble swimmer 1), (tentacles)
a: End Transformation, Renounce Religion, Potion Petition, Call Merchant, Bribe
Branch


You were on level 5 of the Dungeon.
You worshipped Gozag.
Gozag was aware of your devotion.
You were a creature of crystalline ice.
You visited 2 branches of the dungeon, and saw 7 of its levels.

You collected 395 gold pieces.
You paid 89 gold pieces to Gozag.

Inventory:

Missiles
 m - 2 throwing nets
Armour
 j - a +0 hat (melded)
Magical Staves
 h - a staff of cold (melded)
Jewellery
 i - a ring of positive energy (left front paw)
Wands
 a - a wand of flame (19) (quivered)
 r - a wand of digging (4)
Scrolls
 f - 2 scrolls of teleportation
 k - 2 scrolls of amnesia
 n - a scroll of fear
Potions
 b - 2 potions of magic
 c - 5 potions of attraction
 d - a potion of curing
 e - 2 potions of brilliance {unknown}
 g - 2 potions of haste {unknown}
 l - a potion of invisibility {unknown}
 o - 2 potions of heal wounds {unknown}
 p - 3 potions of degeneration {unknown}
 q - a potion of mutation {unknown}
 s - a potion of ambrosia {unknown}


   Skills:
 + Level 3.9 Fighting
 + Level 4.2 Dodging
 + Level 4.9 Unarmed Combat
 + Level 3.9 Spellcasting
 * Level 5.8 Transmutations
 + Level 3.6 Ice Magic


You had 7 spell levels left.
You knew the following spells:

 Your Spells              Type           Power      Damage    Failure   Level
a - Ice Form              Ice/Tmut       19%        N/A       22%         4
b - Wereblood             Tmut           23%        N/A       2%          2
c - Beastly Appendage     Tmut           46%        N/A       1%          1

Your spell library contained the following spells:

 Spells                   Type           Power      Damage    Failure   Level
 Passwall                 Tmut/Erth      10%        N/A       7%          2
 Spider Form              Tmut/Pois      13%        N/A       14%         3
 Sandblast                Erth           6%         2d5       16%         1
 Summon Small Mammal      Summ           12%        N/A       16%         1
 Cigotuvi's Dreadful Rot  Necr/Pois/Air  6%         N/A       24%         2
 Call Canine Familiar     Summ           3%         N/A       43%         3
 Stone Arrow              Conj/Erth      6%         3d7       43%         3
 Summon Guardian Golem    Hex/Summ       3%         N/A       43%         3
 Dispel Undead            Necr           3%         3d7       85%         4
 Death Channel            Necr           1%         N/A       100%        6


Dungeon Overview and Level Annotations

Branches:
Dungeon (6/15)             Temple (1/1) D:5

Altars:
Ashenzari
Cheibriados
Dithmenos
Elyvilon
Fedhas
Gozag
Kikubaaqudgha
Nemelex Xobeh
Okawaru
Qazlal
Ru
Sif Muna
Trog
Uskayaw
Vehumet
Wu Jian
Yredelemnul
Zin
The Shining One


Innate Abilities, Weirdness & Mutations

You are a creature of crystalline ice.
You have a powerful freezing melee attack.
Your maximum health is increased.
Your armour is entirely melded.
You are incapable of wielding weapons or throwing items.
You cannot wear most types of armour.
You are amphibious.
You can wear up to eight rings at the same time.
((Your skin changes colour to match your surroundings (Stealth+).))
((Your rubbery body absorbs attacks. (AC +1, EV +1)))
((You are camouflaged when in or above water. (Stealth+)))
((You have tentacles for arms and can constrict up to eight enemies at once.))


Message History

Your staff of cold melds into your body.
Your +0 hat melds into your body.
Casting: Ice Form (dangerous; 22% risk of failure)
Confirm with . or Enter, or press ? or * to list all spells.
Your blood is infused with primal strength.
You barely miss the wight. You hit the wight.
The wight is lightly damaged.
The wight hits you from afar with a +3 spear of freezing.
You punch the wight!
The wight is almost destroyed.
The wight hits you with a +0 flail. You partially resist.
You feel drained.
The wight hits you from afar with a +3 spear of freezing!
You partially resist.
You feel drained. The wight hits you with a +2 flail! You partially resist.
You feel drained.
You hit the wight but do no damage.
The wight is almost destroyed.
The wight hits you with a +0 flail! You partially resist.
You feel drained.
The wight hits you from afar with a +3 spear of freezing!
The wight closely misses you. The wight barely misses you.
The wight misses you. x2
You climb upwards.
There is a stone staircase leading down here.
You barely miss the wight.
The wight is almost destroyed.
The wight hits you with a +0 flail. The wight hits you with a +2 flail.
* * * LOW HITPOINT WARNING * * *
You partially resist.
You feel drained.
* * * LOW HITPOINT WARNING * * *
You barely miss the wight.
The wight is almost destroyed.
The wight hits you with a +0 flail!
* * * LOW HITPOINT WARNING * * *
The wight hits you with a +2 flail.
* * * LOW HITPOINT WARNING * * *
You feel better. The wight hits you with a +0 flail!
* * * LOW HITPOINT WARNING * * *
The wight hits you with a +2 flail.
You die...
Your body crumbles into a pile of gold.

##..##....######..###.####'##....
.#..##....##.....................
.#..#..).........................
.#..#..)).........#.###.....###..
##..#.............#.#~~~~~~~~~#..
##..#...†...........#~#.....#~#..
....#................~.......~...
....'...........z.#..~.......~...
....#...........Y.#..~...>..)~...
##..#..........z.....~.......~...
##..#................~.....))~...
##..##..............#~#...(.#~#.)
##..##..............#~~~~~~~~~#.)
.....#............#.###.....###..
..#..#....##..###'#..............
.....'....##'###..##.............
.###.......#...#..##..##.........


You could see 2 wights.

Vanquished Creatures
  Eustachio (D:4)
  Edmund (D:4)
  Menkaure (D:4)
  A water moccasin (D:5)
  2 black bears
  Blork the orc (D:5)
  A necrophage (D:5)
  2 hounds (D:5)
  A gnoll bouda (D:5)
  3 orc priests (D:5)
  Natasha (thrice) (D:3)
  3 iguanas
  2 orc wizards
  3 gnolls (D:5)
  6 adders
  3 white imps (D:5)
  An ufetubus (D:5)
  3 worms
  3 dart slugs
  14 orcs
  An endoplasm (D:4)
  8 giant cockroaches
  14 goblins
  9 hobgoblins
  6 jackals
  4 quokkas
  6 ball pythons
  6 bats
  2 frilled lizards (D:2)
  7 kobolds
  4 rats
122 creatures vanquished.

Notes
Turn   | Place    | Note
-------+----------+-------------------------------------------
     0 | D:1      | wormed the Octopode Transmuter began the quest for the Orb.
     0 | D:1      | Reached XP level 1. HP: 13/13 MP: 3/3
   126 | D:1      | Reached XP level 2. HP: 17/18 MP: 3/5
   326 | D:1      | Learned a level 2 spell: Wereblood
   896 | D:2      | Reached XP level 3. HP: 20/23 MP: 4/6
  1172 | D:2      | Reached skill level 1 in Ice Magic
  1276 | D:2      | Reached XP level 4. HP: 19/28 MP: 5/7
  1418 | D:2      | Reached skill level 3 in Transmutations
  1659 | D:2      | Learned a level 4 spell: Ice Form
  1682 | D:3      | Noticed Natasha
  1701 | D:3      | Killed Natasha
  1903 | D:3      | Noticed Natasha
  2218 | D:3      | Reached XP level 5. HP: 24/34 MP: 1/8
  3211 | D:3      | Killed Natasha
  3266 | D:3      | Noticed Natasha
  3275 | D:3      | Killed Natasha
  3357 | D:4      | Noticed a black bear
  3365 | D:4      | Killed a black bear
  3366 | D:4      | Reached XP level 6. HP: 39/39 MP: 7/10
  3600 | D:4      | Noticed Menkaure
  3605 | D:4      | Killed Menkaure
  3606 | D:4      | Reached skill level 4 in Transmutations
  3606 | D:4      | Reached XP level 7. HP: 44/45 MP: 6/11
  3994 | D:4      | Noticed Eustachio
  4004 | D:4      | Killed Eustachio
  4441 | D:4      | Noticed Edmund
  4457 | D:4      | Killed Edmund
  4789 | D:5      | Entered Level 5 of the Dungeon
  4896 | D:5      | Reached skill level 5 in Transmutations
  4896 | D:5      | Reached XP level 8. HP: 52/52 MP: 10/13
  5214 | D:5      | Found a staircase to the Ecumenical Temple.
  5275 | Temple   | Entered the Ecumenical Temple
  5440 | Temple   | Became a worshipper of Gozag Ym Sagoz the Greedy
  5650 | D:5      | Noticed Blork the orc
  5657 | D:5      | Killed Blork the orc
  6076 | D:5      | HP: 2/54 [poisoned by a water moccasin]
  6531 | D:5      | HP: 1/56 [wight/+2 flail (3)]
  6532 | D:5      | Slain by a wight

Illustrated notes

Levels and vault maps discovered:
D:1:      minmay_arrival_shattered_statue, layout_basic,
          minmay_tree_intersection, minmay_worlds_worst_comb
D:2:      layout_basic, minmay_surrounded
D:3:      layout_loops_ring, uniq_natasha
D:4:      layout_layer_cave, cheibrodos_sewer_entry_bend, uniq_edmund,
          uniq_eustachio, uniq_menkaure
D:5:      layout_gridville, minmay_temple_entry_water_ring,
          minmay_fractal_squares_5, uniq_blork_the_orc
D:6:      layout_basic, nicolae_hepliaklqana_monster_ancestors
Temple:   nicolae_temple_slightly_damp_pantheon

Skill      XL: |  1  2  3  4  5  6  7  8 |
---------------+-------------------------+-----
Ice Magic      | 1 2 3 |  3.6
Transmutations | 3 4 5 |  5.8
Fighting       | 2 3 |  3.9
Dodging        | 3 4 |  4.2
Spellcasting   | 3 |  3.9
Unarmed Combat | 4 |  4.9

Action                   |  1- 3 |  4- 6 |  7- 9 || total
-------------------------+-------+-------+-------++-------
Melee: Unarmed           |    69 |    54 |   119 ||   242
       Kick              |    19 |     8 |       ||    27
       Constrict         |    19 |    13 |     1 ||    33
       Punch             |     3 |     3 |     2 ||     8
       Tentacles         |    13 |     5 |     4 ||    22
       Staff             |     8 |    45 |     7 ||    60
 Cast: Beastly Appendage |    28 |     9 |       ||    37
       Wereblood         |     1 |       |     6 ||     7
       Ice Form          |       |    11 |    22 ||    33
Evoke: Wand              |       |       |     2 ||     2
  Use: Scroll            |       |    11 |       ||    11
       Potion            |       |     2 |     1 ||     3
 Stab: Sleeping          |     8 |     2 |     1 ||    11
       Distracted        |       |     1 |       ||     1
Armor: Skin              |     9 |    27 |    36 ||    72
Dodge: Dodged            |    61 |    35 |    62 ||   158

Table legend: (Time is in decaauts)
 A = Elapsed time spent in this place.
 B = Non-inter-level travel time spent in this place.
 C = Inter-level travel time spent in this place.
 D = Time resting spent in this place.
 E = Time spent auto-exploring this place.
 F = Levels seen in this place.
 G = Mean time per level.
                   A        B        C        D        E       F      G
               +--------+--------+--------+--------+--------+-----+--------+
         Total |   6540 |   6319 |    221 |    327 |   4945 |   7 |  934.3 |
       Dungeon |   6356 |   6162 |    194 |    327 |   4809 |   6 | 1059.3 |
        Temple |    184 |    157 |     27 |      0 |    136 |   1 |  184.0 |
               +--------+--------+--------+--------+--------+-----+--------+

Top non-repeatable levels by time:
     D:3: 1690 daAuts
     D:5: 1542 daAuts
     D:4: 1451 daAuts
     D:2: 847 daAuts
     D:1: 813 daAuts
  Temple: 184 daAuts
     D:6: 10 daAuts
